 Dungeon Crawl Stone Soup version 0.31.0-11-ge490571c62 (webtiles) character file.

Game seed: 9029638851173794784

368 RancidPinata the Covert (level 6, -4/44 HPs)
             Began as an Octopode Delver on Jan 29, 2024.
             Slain by an ice beast (8 damage)
             ... on level 6 of the Dungeon.
             The game lasted 00:22:07 (4656 turns).

RancidPinata the Covert (Octopode Delver)           Turns: 4656, Time: 00:22:08

Health: -4/44      AC:  1    Str: 11    XL:     6   Next: 69%
Magic:  15/15      EV: 14    Int: 13    God:
Gold:   232        SH:  0    Dex: 15    Spells: 5/5 levels left

rFire   + . .        o - +0 rapier
rCold   . . .        (no shield)
rNeg    . . .        (helmet restricted)
rPois   .            (no amulet)
rElec   .            s - ring of protection from fire
rCorr   .            t - ring of magical power
SInv    .            (no ring)
Will    .....        (no ring)
Stlth   +++++        (no ring)
HPRegen 0.27/turn    (no ring)
MPRegen 0.14/turn    (no ring)
                     (no ring)

%: no passive effects
@: no status effects
A: almost no armour, amphibious, 8 rings, camouflage 1, gelatinous body 1,
(nimble swimmer 1), tentacles
a: no special abilities


You were on level 6 of the Dungeon.
You visited 1 branch of the dungeon, and saw 6 of its levels.

You collected 232 gold pieces.

Inventory:

Hand Weapons
 o - a +0 rapier (weapon)
Missiles
 i - 53 stones
 k - 7 poisoned darts (quivered)
Jewellery
 s - a ring of protection from fire (left tentacle)
 t - a ring of magical power (right tentacle)
Talismans
 a - a serpent talisman
Wands
 f - a wand of digging (3)
Scrolls
 b - a scroll of fog
 c - 3 scrolls of revelation
 d - 2 scrolls of fear
 h - 3 scrolls of identify {unknown}
 l - a scroll of teleportation {unknown}
 m - 2 scrolls of noise {unknown}
 p - 2 scrolls of amnesia {unknown}
 r - a scroll of immolation {unknown}
Potions
 e - a potion of haste
 g - 2 potions of enlightenment
 j - 3 potions of curing {unknown}
 n - 2 potions of attraction
 q - a potion of brilliance {unknown}


   Skills:
 * Level 4.4 Fighting
 + Level 3.3 Short Blades
 * Level 3.8 Dodging
 * Level 8.1 Stealth
 * Level 1.2 Shapeshifting


You had 5 spell levels left.
You didn't know any spells.
Your spell library contained the following spells:

 Spells                   Type           Power      Damage    Failure   Level
 Dazzling Flash           Conj/Hex       0%         N/A       67%         3
 Hailstorm                Conj/Ice       0%         3d5       67%         3
 Mephitic Cloud           Conj/Alch/Air  0%         N/A       67%         3
 Summon Ice Beast         Ice/Summ       0%         N/A       67%         3
 Curse of Agony           Necr           0%         N/A       100%        5
 Silence                  Hex/Air        0%         N/A       100%        5
 Sculpt Simulacrum        Ice/Alch       0%         N/A       100%        6


Dungeon Overview and Level Annotations

Branches:
Dungeon (6/15)
 Temple: D:4-7

Altars:
Cheibriados
Dithmenos
Uskayaw

Shops:
D:1 =

Annotations:
D:4 Eustachio


Innate Abilities, Weirdness & Mutations

You cannot wear most types of armour.
You are amphibious.
You can wear up to eight rings at the same time.
Your skin changes colour to match your surroundings (Stealth+).
Your rubbery body absorbs attacks. (AC +1, EV +1)
((You are camouflaged when in or above water. (Stealth+)))
You have tentacles for arms and can constrict up to eight enemies at once.


Message History

A sentinel's mark forms upon you.
You hear a shout! x10; You hear a bark!
Something shouts, "Give in, thou tottering rump-fed snaffler!"
The sentinel's mark upon you fades away.
There is a stone staircase leading up here.
Found a grey potion.
Found a sapphire potion.
j - 3 grey potions (gained 1)
An ice beast comes into view.
You see here a sapphire potion.
You barely miss the ice beast. The ice beast barely misses you.
You barely miss the ice beast. Your squeeze misses the ice beast.
The ice beast barely misses you.
You barely miss the ice beast. Your squeeze misses the ice beast.
The ice beast barely misses you.
You hit the ice beast.
The ice beast is moderately wounded.
The ice beast closely misses you.
You closely miss the ice beast.
The ice beast is moderately wounded.
The ice beast hits you. The ice beast freezes you!
You hit the ice beast but do no damage.
The ice beast is moderately wounded.
The ice beast misses you.
You hit the ice beast.
The ice beast is moderately wounded.
The ice beast hits you. The ice beast freezes you!
You barely miss the ice beast.
The ice beast is moderately wounded.
The ice beast closely misses you.
You hit the ice beast but do no damage.
The ice beast is moderately wounded.
The ice beast hits you. The ice beast freezes you!
* * * LOW HITPOINT WARNING * * *
You completely miss the ice beast.
The ice beast is moderately wounded.
The ice beast hits you.
* * * LOW HITPOINT WARNING * * *
The ice beast freezes you!
You die...

.............# .#..
..............# .#
..............# .#
..............# .#
..............######.#
.....................#
..............###....#
..............# ###..#
.......@......# #..#
......Y.......# #..#
############### #..#
#..# #..# #..# #..#
#..# #<.#


You could see an ice beast.

Vanquished Creatures
  An ogre (D:3)
  A bombardier beetle (D:4)
  An orc priest (D:3)
  An iguana (D:5)
  Terence (D:3)
  An orc wizard (D:3)
  5 adders
  A white imp (D:5)
  2 dart slugs
  8 orcs
  4 bats
  4 endoplasms (D:2)
  6 giant cockroaches
  9 goblins
  8 hobgoblins
  3 jackals (D:3)
  A quokka (D:3)
  9 ball pythons
  2 frilled lizards (D:1)
  6 kobolds
  7 rats
81 creatures vanquished.

Notes
Turn   | Place    | Note
-------+----------+-------------------------------------------
     0 | D:5      | RancidPinata the Octopode Delver began the quest for the
                  | Orb.
     0 | D:5      | Reached XP level 1. HP: 16/16 MP: 1/1
     6 | D:6      | Noticed an ice beast
     6 | D:6      | Noticed a bombardier beetle
     6 | D:6      | Noticed an orc wizard
   100 | D:5      | Reached XP level 2. HP: 21/21 MP: 2/2
   201 | D:5      | Reached skill level 7 in Stealth
   201 | D:5      | Reached XP level 3. HP: 26/26 MP: 3/3
   586 | D:4      | Reached XP level 4. HP: 16/31 MP: 4/4
   807 | D:4      | Noticed an ogre
   929 | D:5      | Found a snail-covered altar of Cheibriados.
   929 | D:5      | Noticed an ice beast
  1589 | D:3      | Reached XP level 5. HP: 24/37 MP: 5/5
  1682 | D:3      | Noticed Terence
  1707 | D:3      | Killed Terence
  1791 | D:3      | Found a hide-covered altar of Uskayaw.
  1797 | D:3      | Found a shadowy altar of Dithmenos.
  2581 | D:2      | Found a faded altar of an unknown god.
  2725 | D:2      | Reached XP level 6. HP: 43/43 MP: 6/6
  3812 | D:1      | Found Weyxt's Jewellery Boutique.
  4145 | D:3      | Reached skill level 8 in Stealth
  4145 | D:3      | Reached skill level 1 in Shapeshifting
  4429 | D:4      | Noticed Eustachio
  4643 | D:6      | Noticed an ice beast
  4656 | D:6      | Slain by an ice beast

Illustrated notes

Levels and vault maps discovered:
D:1:      heliophobic_arrival_battle_scene, layout_basic, serial_shops, shop
D:2:      layout_loops_cross, basic_ecumenical_altar
D:3:      layout_basic, mainiacjoe_overflow_catwalk_spiral, chequers_jeans,
          uniq_terence
D:4:      layout_gridville, moated_statue, uniq_eustachio
D:5:      minmay_diamond_boxcup, layout_loops_ring, lemuel_tele_altar,
          lemuel_temple_firewalk_b, serial_library_hellmonk_open_cross,
          kennysheep_another_room, minmay_misc_feat_iff, nicolae_grassy_gnolls
D:6:      layout_basic, marbit_many_paths, nicolae_overflow_hidden_temple,
          uniq_crazy_yiuf_cottage

Skill      XL: |  1  2  3  4  5  6 |
---------------+-------------------+-----
Stealth        | 7 8 |  8.1
Dodging        | 3 |  3.8
Fighting       | 4 |  4.4
Short Blades   | 3 |  3.3
Shapeshifting  | 1 |  1.2

Action                     |  1- 3 |  4- 6 || total
---------------------------+-------+-------++-------
  Melee: Short sword       |    21 |    48 ||    69
         Tentacles         |     5 |    29 ||    34
         Constrict         |     3 |    28 ||    31
         Rapier            |       |    94 ||    94
         Punch             |       |     1 ||     1
  Throw: Dart              |       |     7 ||     7
    Use: Potion            |       |     2 ||     2
         Scroll            |       |     1 ||     1
   Stab: Sleeping          |     4 |    25 ||    29
 Armour: Skin              |     4 |    39 ||    43
  Dodge: Dodged            |     9 |    93 ||   102
